 Dungeon Crawl Stone Soup version 0.32-a0-868-g153ae1a8d6 (webtiles) character file.

Game seed: 13970201670475510106

280 Griffin23 the Slasher (level 6, -1/55 HPs)
             Began as a Minotaur Fighter on Mar 28, 2024.
             Killed from afar by an acid dragon (27 damage)
             ... with a splash of acid
             ... on level 4 of the Dungeon on Mar 29, 2024.
             The game lasted 00:09:21 (3351 turns).

Griffin23 the Slasher (Minotaur Fighter)            Turns: 3351, Time: 00:09:22

Health: -1/55      AC: 10    Str: 22    XL:     6   Next: 5%
Magic:  5/5        EV: 13    Int:  5    God:
Gold:   145        SH:  4    Dex: 10    Spells: 5/5 levels left

rFire   . . .        a - +1 long sword
rCold   . . .        c - +0 buckler
rNeg    . . .        b - +0 scale mail
rPois   .            (helmet restricted)
rElec   .            d - +2 cloak
rCorr   .            (no gloves)
SInv    .            (no boots)
Will    .....        m - amulet of magic regeneration Stlth
                     o - +5 ring of evasion
HPRegen 0.29/turn    r - ring of flight
MPRegen 0.49/turn

%: no passive effects
@: flying
A: horns 2, retaliatory headbutt
a: no special abilities


You were on level 4 of the Dungeon.
You visited 1 branch of the dungeon, and saw 5 of its levels.

You collected 145 gold pieces.

Inventory:

Hand Weapons
 a - a +1 long sword (weapon)
Armour
 b - a +0 scale mail (worn)
 c - a +0 buckler (worn)
 d - a +2 cloak (worn)
Jewellery
 m - an amulet of magic regeneration (around neck)
 o - a +5 ring of evasion (left hand)
 r - a ring of flight (right hand)
Scrolls
 e - 3 scrolls of identify {unknown}
 g - a scroll of enchant weapon
 i - a scroll of teleportation {unknown}
 l - a scroll of revelation {unknown}
 p - a scroll of amnesia {unknown}
 q - a scroll of blinking {unknown}
 s - a scroll of fog {unknown}
Potions
 f - a potion of attraction {unknown}
 j - a potion of lignification
 k - a potion of enlightenment {unknown}
 n - a potion of heal wounds {unknown}


   Skills:
 + Level 4.8 Fighting
 * Level 5.1 Long Blades
 + Level 4.8 Armour
 + Level 4.9 Shields


You had 5 spell levels left.
You didn't know any spells.
Your spell library contained the following spells:

 Spells                   Type           Power      Damage    Failure   Level
 Jinxbite                 Hex            0%         N/A       94%         2
 Hailstorm                Conj/Ice       0%         3d5       99%         3
 Summon Ice Beast         Ice/Summ       0%         N/A       99%         3
 Yara's Violent Unravell  Hex/Alch       0%         3d3       100%        5
 Permafrost Eruption      Ice/Erth       0%         2x4d2     100%        6
 Sculpt Simulacrum        Ice/Alch       0%         N/A       100%        6
 Enfeeble                 Hex            0%         N/A       100%        7


Dungeon Overview and Level Annotations

Branches:
Dungeon (5/15)
 Temple: D:4-7

Altars:

Shops:
D:1 (   D:2 [   D:3 =

Annotations:
D:4 Pikel


Innate Abilities, Weirdness & Mutations

You have a pair of horns on your head.
You reflexively headbutt those who attack you in melee.


Message History

You have reached level 6!
You hit the orc.
The orc is almost dead.
The orc hits you but does no damage. You block the orc's attack.
You hit the orc.
You kill the orc!
The orc misses you.
You hit the orc. Your headbutt misses the orc.
The orc is heavily wounded.
The orc hits you but does no damage.
You hit the orc.
You kill the orc!
No target in view!
No target in view!
No target in view!
HP restored.
Items here: )) [ †.
Items here: ( )) †.
Items here: ( )) †.
An acid dragon comes into view.
An acid dragon is nearby!
An acid dragon is nearby!
An acid dragon is nearby!
The acid dragon spits acid at you. The splash of acid hits you!!
Ouch! That really hurt!
You are too injured to fight recklessly!
You are too injured to fight recklessly!
You are too injured to fight recklessly!
You are too injured to fight recklessly!
You are too injured to fight recklessly!
You hit the acid dragon.
The acid dragon is lightly wounded.
The acid dragon closely misses you.
The acid dragon claws you but does no damage.
You slash the acid dragon! Your headbutt misses the acid dragon.
The acid dragon is heavily wounded.
The acid dragon spits acid at you. The splash of acid hits you!!
You die...

##....#
#.#
#.##.##
##.#
#.##..#
#..#
#.###.#
#.## #.#
#.# #.#
#.# #.##
#.# #.#
#..###.#
#.#
##))...#
#@#
####..#
#D# #..#
#.# #.##
#:# ###
#.# ..#
###


You could see an acid dragon (catching breath).

Vanquished Creatures
  2 lemures (D:3)
  A howler monkey (D:2)
  Crazy Yiuf (D:2)
  3 orc priests
  4 adders
  A ribbon worm (D:2)
  12 orcs
  6 bats
  An endoplasm (D:1)
  4 giant cockroaches
  7 hobgoblins
  6 jackals
  4 kobolds
  4 quokkas
  5 ball pythons
  3 frilled lizards (D:3)
  7 goblins
  5 rats
76 creatures vanquished.

Notes
Turn   | Place    | Note
-------+----------+-------------------------------------------
     0 | D:1      | Griffin23 the Minotaur Fighter began the quest for the Orb.
     0 | D:1      | Reached XP level 1. HP: 19/19 MP: 0/0
    45 | D:1      | Found Gilell's Weapon Shop.
   201 | D:1      | Reached XP level 2. HP: 27/27 MP: 1/1
   307 | D:1      | Reached skill level 3 in Long Blades
   370 | D:1      | You fall into a shaft and drop 1 floor!
   462 | D:2      | Reached XP level 3. HP: 24/33 MP: 2/2
   552 | D:2      | Found Henyesap's Armour Shop.
   735 | D:2      | Reached XP level 4. HP: 40/40 MP: 3/3
   770 | D:2      | Found a faded altar of an unknown god.
  1741 | D:2      | Found a runed translucent door.
  1742 | D:2      | Noticed Crazy Yiuf
  1749 | D:2      | Paralysed by Crazy Yiuf for 1 turns
  1754 | D:2      | Killed Crazy Yiuf
  1755 | D:2      | Reached skill level 4 in Long Blades
  1996 | D:3      | Reached XP level 5. HP: 47/47 MP: 4/4
  2246 | D:3      | Found Foyssof's Jewellery Shoppe.
  2685 | D:5      | Entered Level 5 of the Dungeon
  2777 | D:4      | Reached skill level 5 in Long Blades
  2798 | D:4      | Noticed a lemure
  2799 | D:4      | Noticed a lemure
  2800 | D:4      | Noticed Pikel
  2800 | D:4      | Noticed a lemure
  2800 | D:4      | Noticed a lemure
  2839 | D:3      | Killed a lemure
  2855 | D:3      | Killed a lemure
  3288 | D:4      | Reached XP level 6. HP: 51/55 MP: 5/5
  3346 | D:4      | Noticed an acid dragon
  3351 | D:4      | Killed from afar by an acid dragon

Illustrated notes

Levels and vault maps discovered:
D:1:      lightli_arrival_isolated_outpost, layout_basic, serial_shops, shop
D:2:      layout_loops_ring, serial_shops, nicolae_shop_tiny_real_fake_doors,
          shapermc_ecumenical_altar_gd, chequers_big_river,
          minmay_misc_feat_cross, uniq_crazy_yiuf_cottage
D:3:      corexii_shack_village, layout_rooms, serial_shops, shop,
          minmay_misc_feat_tiny
D:4:      layout_rooms, uniq_pikel
D:5:      layout_loops_ring, kennysheep_mini_moat,
          mainiacjoe_overflow_tiny_flanked, mainiacjoe_overflow_swirl,
          uniq_grinder

Skill      XL: |  1  2  3  4  5 |
---------------+----------------+-----
Long Blades    | 3 4 5 |  5.1
Armour         | 4 |  4.8
Shields        | 4 |  4.9
Fighting       | 4 |  4.8

Action                     |  1- 3 |  4- 6 || total
---------------------------+-------+-------++-------
  Melee: Long sword        |   103 |   184 ||   287
         Headbutt          |    11 |    40 ||    51
    Use: Potion            |       |     4 ||     4
         Scroll            |       |     1 ||     1
 Armour: Scale mail        |    99 |    86 ||   185
         Skin              |       |    14 ||    14
  Dodge: Dodged            |    50 |    59 ||   109
  Block: Buckler           |    35 |    20 ||    55

Table legend: (Time is in decaauts)
 A = Elapsed time spent in this place.
 B = Non-inter-level travel time spent in this place.
 C = Inter-level travel time spent in this place.
 D = Time resting spent in this place.
 E = Time spent auto-exploring this place.
 F = Levels seen in this place.
 G = Mean time per level.
                   A        B        C        D        E       F      G
               +--------+--------+--------+--------+--------+-----+--------+
         Total |   3451 |   2910 |    541 |    315 |   1777 |   5 |  690.2 |
       Dungeon |   3451 |   2910 |    541 |    315 |   1777 |   5 |  690.2 |
               +--------+--------+--------+--------+--------+-----+--------+

Top non-repeatable levels by time:
     D:2: 1814 daAuts
     D:3: 938 daAuts
     D:1: 385 daAuts
     D:4: 277 daAuts
     D:5: 35 daAuts
